 Dungeon Sprint DCSS version 0.17-a0-1508-ge7f3dc3 (webtiles) character file.

213 nuthulu the Fighter (level 5, -4/41 HPs)
             Began as a Gargoyle Fighter on July 10, 2015.
             Was an Initiate of Okawaru.
             Slain by a two-headed ogre
             ... wielding a +0 giant club
              (14 damage)
             ... in the Dungeon (Sprint IX: "|||||||||||||||||||||||||||||").
             The game lasted 00:01:02 (326 turns).

nuthulu the Fighter (Gargoyle Fighter)               Turns: 326, Time: 00:01:02

Health: -4/41      AC: 16    Str: 21    XL:     5   Next: 90%
Magic:  5/5        EV:  5    Int:  8    God:    Okawaru [......]
Gold:   0          SH:  9    Dex: 12    Spells: 0 memorised, 4 levels left

rFire  . . .     SeeInvis .     o - +2 morningstar (crush)
rCold  . . .     Clarity  .     q - +0 plate armour
rNeg   + . .     SustAt   .     c - +0 shield
rPois  ∞         Gourm    .     (no helmet)
rElec  +         Spirit   .     p - +0 cloak
rCorr  .         Warding  .     (no gloves)
rMut   .         NoTele   +     (no boots)
MR     .....                    (no amulet)
Stlth  ..........               s - +2 ring of evasion
                                r - +3 ring of dexterity

@: not resistant to hostile enchantments, extremely unstealthy
A: negative energy resistance 1, electricity resistance, unbreathing,
petrification resistance, rot immunity, AC +4
a: Renounce Religion


You were in the Dungeon.
You worshipped Okawaru.
Okawaru was noncommittal.
You were not hungry.

You visited 1 branch

Inventory:

Hand weapons
 a - a +0 flail
 o - a +2 morningstar of crushing (weapon)
Armour
 b - a +0 scale mail
 c - a +0 shield (worn)
 p - a +0 cloak (worn)
 q - a +0 plate armour (worn)
Jewellery
 r - a +3 ring of dexterity (left hand)
 s - a +2 ring of evasion (right hand)
Magical devices
 n - a wand of draining (7)
Scrolls
 k - 2 scrolls of blinking
 l - 3 scrolls of remove curse
 m - 2 scrolls of amnesia
Potions
 d - a potion of might
 f - 5 potions of curing
 g - 3 potions of heal wounds
 h - a potion of haste
 i - 4 potions of magic
 j - a potion of invisibility
Comestibles
 e - a bread ration


   Skills:
 + Level 9.6 Fighting
 + Level 8.5 Maces & Flails
 - Level 3.2 Armour
 - Level 3.2 Shields


You had 4 spell levels left.
You didn't know any spells.

Dungeon Overview and Level Annotations

Branches:
Dungeon (1/1)

Altars:
Cheibriados
Dithmenos
Elyvilon
Fedhas
Gozag
Kikubaaqudgha
Makhleb
Nemelex Xobeh
Okawaru
Qazlal
Ru
Sif Muna
Trog
Vehumet
Xom
Yredelemnul
Zin
The Shining One
Beogh
Jiyva
Lugonu


Innate Abilities, Weirdness & Mutations

You are resistant to torment.
Your stone body is resilient (AC +4).
You are immune to poison.
You resist negative energy.
You are resistant to electric shocks.
You can survive without breathing.
You are immune to petrification.
You are immune to rotting.


Message History

The worker ant bites you but does no damage.
Your plate armour prevents you from hitting the worker ant.
The worker ant is severely wounded.
You block the worker ant's attack. x2
Your shield and plate armour prevent you from hitting the worker ant.
The worker ant is severely wounded.
The worker ant bites you but does no damage.
You sock the worker ant!
You kill the worker ant!
Okawaru accepts your kill.
The worker ant waves its antennae.
Your shield and plate armour prevent you from hitting the two-headed ogre.
The two-headed ogre hits you with a giant club!
The two-headed ogre hits you but does no damage.
You puncture the two-headed ogre!
The two-headed ogre is moderately wounded.
The two-headed ogre hits you with a giant club!
* * * LOW HITPOINT WARNING * * *
The two-headed ogre hits you with a dire flail!
You die... ▓▓▓▓▓▓▓▓▓▓▓▓▓▓▓▓▓▓▓▓▓▓▓▓ ....aFO@..[.)|..'_______ ▓▓▓▓▓▓▓▓▓▓▓▓▓▓▓▓▓▓▓▓▓▓▓▓

You could see a two-headed ogre, a giant frog and a worker ant.

Vanquished Creatures
  An ogre (D)
  A giant frog (D)
  2 worker ants (D)
  An adder (D)
  A giant gecko (D)
  An orc (D)
  2 hobgoblins (D)
  2 kobolds (D)
  A giant newt (D)
  A rat (D)
13 creatures vanquished.

Notes
Turn   | Place    | Note
--------------------------------------------------------------
     0 | D        | nuthulu the Gargoyle Fighter began the quest for the Orb.
     0 | D        | Reached XP level 1. HP: 14/14 MP: 1/1
     9 | D        | Reached skill level 4 in Fighting
    35 | D        | Noticed an ogre
    35 | D        | Noticed a worker ant
    38 | D        | Reached skill level 5 in Fighting
    38 | D        | Reached XP level 2. HP: 19/21 MP: 2/2
    41 | D        | Killed a worker ant
    41 | D        | Reached skill level 6 in Fighting
    41 | D        | Reached XP level 3. HP: 17/27 MP: 3/3
    46 | D        | Killed an ogre
    46 | D        | Reached skill level 8 in Fighting
    46 | D        | Reached XP level 4. HP: 14/35 MP: 4/4
    46 | D        | Reached XP level 5. HP: 15/39 MP: 5/5
   253 | D        | Found a glowing silver altar of Zin.
   253 | D        | Found a glowing golden altar of the Shining One.
   253 | D        | Found an ancient bone altar of Kikubaaqudgha.
   253 | D        | Found a basalt altar of Yredelemnul.
   253 | D        | Found a shimmering altar of Xom.
   253 | D        | Found a radiant altar of Vehumet.
   254 | D        | Found an iron altar of Okawaru.
   255 | D        | Found a burning altar of Makhleb.
   256 | D        | Found a deep blue altar of Sif Muna.
   257 | D        | Found a bloodstained altar of Trog.
   258 | D        | Found a sparkling altar of Nemelex Xobeh.
   259 | D        | Found a white marble altar of Elyvilon.
   260 | D        | Found a roughly hewn altar of Beogh.
   261 | D        | Found a viscous altar of Jiyva.
   262 | D        | Became a worshipper of Warmaster Okawaru
   263 | D        | Found a corrupted altar of Lugonu.
   264 | D        | Found a blossoming altar of Fedhas.
   265 | D        | Found a snail-covered altar of Cheibriados.
   266 | D        | Found a shadowy altar of Dithmenos.
   267 | D        | Found a stormy altar of Qazlal.
   268 | D        | Found an opulent altar of Gozag.
   269 | D        | Found a sacrificial altar of Ru.
   314 | D        | Noticed a worker ant
   314 | D        | Noticed a giant frog
   314 | D        | Noticed a two-headed ogre
   314 | D        | Noticed a worker ant
   314 | D        | Noticed a giant frog
   318 | D        | Killed a giant frog
   318 | D        | Reached skill level 9 in Fighting
   324 | D        | Killed a worker ant
   326 | D        | Slain by a two-headed ogre

Vault maps used:
D:        linesprint

Action                   |  1- 3 |  4- 6 || total
-------------------------+-------+-------++-------
Melee: Flail             |    19 |     3 ||    22
       Morningstar       |       |    12 ||    12
  Use: Potion            |     1 |       ||     1
